 Dungeon Crawl Stone Soup version 0.20.1-1-g8b1a95d (webtiles) character file.

63 nightbobicus the Skirmisher (level 4, 0/40 HPs)
             Began as a Hill Orc Fighter on Aug 10, 2017.
             Slain by a kobold (3 damage)
             ... on level 2 of the Dungeon.
             The game lasted 00:02:57 (906 turns).

nightbobicus the Skirmisher (Hill Orc Fighter)       Turns: 906, Time: 00:02:58

Health: 0/40       AC:  7    Str: 19    XL:     4   Next: 9%
Magic:  4/4        EV:  7    Int:  8    God:
Gold:   64         SH:  9    Dex: 10    Spells: 3/3 levels left

rFire    . . .     SeeInvis .   a - +2 flail
rCold    . . .     Gourm    .   c - +0 shield
rNeg     . . .     Faith    .   b - +0 scale mail
rPois    .         Spirit   .   (no helmet)
rElec    .         Reflect  .   (no cloak)
rCorr    .         Harm     .   (no gloves)
MR       .....     Rnd*Tele +   (no boots)
Stlth    ..........             (no amulet)
Regen    0.2/turn               e - ring of teleportation (curse)
MPRegen  0.1/turn               (no ring)

@: no status effects
A: no striking features
a: no special abilities


You were on level 2 of the Dungeon.
You were not hungry.

You visited 1 branch of the dungeon, and saw 2 of its levels.

You collected 64 gold pieces.

Inventory:

Hand Weapons
 a - a +2 flail (weapon)
Armour
 b - a +0 scale mail (worn)
 c - a +0 shield (worn)
 h - a +0 large shield
Jewellery
 e - a cursed ring of teleportation (left hand)
Potions
 d - a potion of might
Comestibles
 f - a bread ration
 g - 2 royal jellies
 i - a meat ration


   Skills:
 + Level 4.1 Fighting
 * Level 3.2 Maces & Flails
 + Level 3.8 Armour
 + Level 3.8 Shields


You had 3 spell levels left.
You didn't know any spells.

Dungeon Overview and Level Annotations

Branches:
Dungeon (2/15)

Altars:
Yredelemnul


Message History

You barely miss Jessica. You block Jessica's attack.
The kobold barely misses you.
You hit Jessica.
Jessica is lightly wounded.
The adder bites you but does no damage. You block Jessica's attack.
You block the kobold's attack. The adder bites you but does no damage.
Your shield prevents you from hitting Jessica.
Jessica is lightly wounded.
Jessica hits you but does no damage. The kobold hits you.
* * * LOW HITPOINT WARNING * * *
You block the adder's attack.
You sock Jessica!
You kill Jessica!
Your Fighting skill increases to level 4!
Your Maces & Flails skill increases to level 3!
You have reached level 4!
The adder bites you but does no damage. The kobold hits you.
* * * LOW HITPOINT WARNING * * *
The adder bites you but does no damage. The kobold hits you.
You die...

**,************########.####.##**
*,,,,*,,,,,...........†........,,
*,,*,*,**###.<.....####.#####.###
,,,*,*,**#..................#...,
,,**,*,,,..P.P..##.#####.##.#..##
,,,,,****#.._...*#..........#..#.
,,,,,* **..P.P..#######.....#....
,,,,,* *,......K[..........##..#.
****,* *,*****#S@####.#.#........
****,***,*** #..# #....#####...
,,,,,,,,,,,* #..#############.##
****,***,*,* #....>...........#
,,,*,,,,,*,* *#..###############
**,*******,* #....,,,,,,,*
*>,,,,,,,,* #.....,,,,,,*
**,,,,,,,*** #......,,,,,* *****
,,,,,,,,,* #.......,,,,* *,,,*


You could see an adder and a kobold.

Vanquished Creatures
  Jessica (D:2)
  2 dart slugs (D:1)
  2 leopard geckos
  A ball python (D:1)
  8 bats (D:1)
  2 giant cockroaches (D:1)
  3 goblins (D:1)
  A hobgoblin (D:1)
  2 kobolds (D:1)
  A frilled lizard (D:1)
  8 rats
31 creatures vanquished.

Notes
Turn   | Place    | Note
-------+----------+-------------------------------------------
     0 | D:1      | nightbobicus the Hill Orc Fighter began the quest for the Orb.
     0 | D:1      | Reached XP level 1. HP: 19/19 MP: 1/1
    80 | D:1      | Reached XP level 2. HP: 23/27 MP: 2/2
   547 | D:1      | Reached XP level 3. HP: 33/33 MP: 3/3
   898 | D:2      | Found a basalt altar of Yredelemnul.
   898 | D:2      | Noticed Jessica
   906 | D:2      | Killed Jessica
   906 | D:2      | Reached skill level 4 in Fighting
   906 | D:2      | Reached XP level 4. HP: 4/40 MP: 4/4
   906 | D:2      | Slain by a kobold

Skill      XL: |  1  2  3 |
---------------+----------+-----
Fighting       | 4 |  4.1
Maces & Flails | 3 |  3.2
Armour         | |  3.8
Shields        | |  3.8

Action                   |  1- 3 |  4- 6 || total
-------------------------+-------+-------++-------
Melee: Flail             |   118 |       ||   118
  Use: Scroll            |     5 |       ||     5
Armor: Scale mail        |    87 |     2 ||    89
Dodge: Dodged            |    62 |       ||    62
Block: Shield            |   103 |       ||   103
